 Dungeon Crawl Stone Soup version 0.32-a0-900-g30fb1b0edc (webtiles) character file.

Game seed: 13412205838774887268

1651856 Civil the Archmage (level 27, 256/256 HPs)
             Began as a Purple Draconian Fire Elementalist on Apr 4, 2024.
             Was the Champion of Vehumet.
             Escaped with the Orb
             ... and 4 runes on Apr 5, 2024!
             The game lasted 08:57:53 (144266 turns).

Civil the Archmage (DrFE)                         Turns: 144266, Time: 08:57:53

Health: 256/256    AC: 29    Str: 13    XL:     27
Magic:  54/54      EV: 27    Int: 30    God:    Vehumet [******]
Gold:   5837       SH: 18    Dex: 30    Spells: 5/80 levels left

rFire   + + .        D - staff "Fuycat" {rF+ rC- Str+3 Dex+4 Fire}
rCold   . . .        I - +3 buckler {AC+3}
rNeg    + . .        (body armour unavailable)
rPois   .            m - +2 hat
rElec   .            s - +4 dragonskin cloak {Aegis}
rCorr   .            p - +2 pair of gloves {Dex+3}
SInv    +            z - +2 pair of boots {Fly}
Will    +++++        F - amulet "Natemecur" {Reflect rC+ Will+ Int+4 SH+5}
Stlth   ++           H - ring of see invisible
HPRegen 1.42/turn    y - ring "Luih" {Fire ^Contam rN+ Int+3 Dex+4}
MPRegen 0.34/turn

%: reflection
@: flying, studying 2 skills
A: nullifying breath, AC +13, unfitting armour, cold-blooded, thin skeletal
structure 1, cold resistance 1, deterioration 1, dopey 1, regeneration 1
0: Orb of Zot
}: 4/15 runes: serpentine, barnacled, slimy, silver
a: Nullifying Breath, Renounce Religion


You escaped.
You worshipped Vehumet.
Vehumet was exalted by your worship.
You visited 11 branches of the dungeon, and saw 53 of its levels.
You also visited: Trove, Bailey, Gauntlet and Ice Cave.

You collected 8847 gold pieces.
You spent 3010 gold pieces at shops.

Inventory:

Hand Weapons
 h - the +1 sling of the Sneaky Geomancers {drain, rElec Int+6 Dex-2 Stlth-}
   (You found it on level 5 of the Lair of Beasts)

   Int+6:     It affects your intelligence (+6).
   Dex-2:     It affects your dexterity (-2).
   rElec:     It insulates you from electricity.
   Stlth-:    It makes you less stealthy.
Missiles
 Z - 22 silver javelins
Armour
 m - a +2 hat (worn)
 p - a +2 pair of gloves of dexterity (worn)
 s - the +4 dragonskin cloak (worn) {Aegis}
   (You took it off Tiamat on level 4 of the Realm of Zot)

   Avatar's Aegis: It grants the wearer a chance to resist fire, cold, poison,
   electricity, acid, and negative energy.
 z - a +2 pair of boots of flying (worn)
 I - a +3 buckler of protection (worn)
 N - a scarf of resistance
Magical Staves
 a - the staff "Buataar" {rPois Str+2 Summ Alchemy}
   (You found it in a Gauntlet)

   [staff of alchemy]

   Base accuracy: +5 Base damage: 5 Base attack delay: 1.2 This weapon's minimum
   attack delay (0.6) is reached at skill level 12.
   Str+2:     It affects your strength (+2).
   rPois:     It protects you from poison.
   Summ:      It increases the power of your Summonings spells.
   Alchemy:   It increases the power of your Alchemy spells.
   It falls into the 'Staves' category.
   It is a one-handed weapon.
 D - the staff "Fuycat" (weapon) {rF+ rC- Str+3 Dex+4 Fire}
   (You found it on level 3 of the Elven Halls)

   [staff of fire]

   Base accuracy: +5 Base damage: 5 Base attack delay: 1.2 This weapon's minimum
   attack delay (0.6) is reached at skill level 12.
   Str+3:     It affects your strength (+3).
   Dex+4:     It affects your dexterity (+4).
   rF+:       It protects you from fire.
   rC-:       It makes you vulnerable to cold.
   Fire:      It increases the power of your Fire spells.
   It falls into the 'Staves' category.
   It is a one-handed weapon.
Jewellery
 x - the ring of Ligiu {rC+ Dex+3 Slay+3}
   (You found it in an ice cave)

   [ring of protection from cold]

   Dex+3:     It affects your dexterity (+3).
   Slay+3:    It affects your accuracy & damage with ranged weapons and melee
   (+3).
   rC+:       It protects you from cold.
 y - the ring "Luih" (right hand) {Fire ^Contam rN+ Int+3 Dex+4}
   (You took it off a frost giant on level 2 of the Depths)

   [ring of fire]

   Fire:      It enhances your fire magic.
   Int+3:     It affects your intelligence (+3).
   Dex+4:     It affects your dexterity (+4).
   rF+:       It protects you from fire.
   rC-:       It makes you vulnerable to cold.
   rN+:       It protects you from negative energy.
   ^Contam:   It causes magical contamination when unequipped.
 A - the ring of Antafr Fefu {Wiz Int+5}
   (You took it off a deep elf blademaster on level 3 of the Elven Halls)

   [ring of wizardry]

   Wiz:       It improves your spell success rate.
   Int+5:     It affects your intelligence (+5).
 F - the amulet "Natemecur" (around neck) {Reflect rC+ Will+ Int+4 SH+5}
   (You acquired it in a bailey)

   [amulet of reflection]

   Reflect:   It reflects blocked missile attacks.
   Int+4:     It affects your intelligence (+4).
   rC+:       It protects you from cold.
   Will+:     It increases your willpower.
   SH+5:      It affects your SH (+5).
 H - a ring of see invisible (left hand)
 J - a +4 ring of protection
 K - a ring of poison resistance
 Q - a ring of flight
 T - a ring of willpower
 Y - the ring of Moral Flaws {rF+ Int+5}
   (You took it off a deep elf death mage on level 2 of the Vaults)

   [ring of protection from fire]

   Int+5:     It affects your intelligence (+5).
   rF+:       It protects you from fire.
Wands
 c - a wand of digging (26)
 l - a wand of flame (41)
 r - a wand of charming (37)
 v - a wand of mindburst (26)
 L - a wand of roots (33)
 M - a wand of acid (19)
Scrolls
 b - 3 scrolls of butterflies
 g - 4 scrolls of brand weapon
 k - 7 scrolls of amnesia
 q - 11 scrolls of teleportation
 t - 10 scrolls of immolation
 w - 8 scrolls of enchant weapon
 B - 5 scrolls of revelation
 O - 5 scrolls of fog
 R - 5 scrolls of poison
 S - 4 scrolls of silence
 U - 3 scrolls of enchant armour
Potions
 d - a potion of invisibility
 e - 21 potions of curing
 f - 5 potions of enlightenment
 i - a potion of mutation
 j - 5 potions of cancellation
 n - 4 potions of might
 o - 11 potions of heal wounds
 u - 7 potions of brilliance
 C - 6 potions of haste
 W - a potion of magic
 X - 4 potions of resistance
Miscellaneous
 E - a lightning rod (4/4)
 G - a condenser vane
 P - a Gell's gravitambourine (2/2)
 V - a phantom mirror


   Skills:
 * Level 22.4 Fighting
 - Level 2.4 Short Blades
 + Level 4.5 Staves
 - Level 5.0 Ranged Weapons
 - Level 0.1 Throwing
 + Level 14.6 Dodging
 + Level 7.5 Stealth
 + Level 17.5 Shields
 O Level 27 Spellcasting
 - Level 17.0 Conjurations
 + Level 6.6 Hexes
 - Level 10.0 Summonings
 - Level 4.1 Translocations
 - Level 19.1 Fire Magic
 * Level 12.8 Ice Magic
 - Level 6.0 Air Magic
 - Level 3.0 Alchemy
 + Level 12.8 Evocations


You had 5 spell levels left.
You knew the following spells:

 Your Spells              Type           Power      Damage    Failure   Level
a - Foxfire               Conj/Fire      100%       2x1d9     0%          1
b - Scorch                Fire           100%       2d9       0%          2
d - Freezing Cloud        Conj/Ice/Air   42%        6-21      1%          5
e - Freeze                Ice            100%       1d10      0%          1
f - Fireball              Conj/Fire      73%        3d27      0%          5
g - Frozen Ramparts       Ice            100%       1d16      0%          3
h - Ozocubu's Armour      Ice            87%        N/A       0%          3
i - Iskenderun's Mystic   Conj/Tloc      81%        2d16      (+2d91%     4
j - Apportation           Tloc           100%       N/A       1%          1
k - Irradiate             Conj/Alch      39%        3d24      1%          5
l - Plasma Beam           Fire/Air       65%        2x1d82    1%          6
m - Spellforged Servitor  Conj/Summ      44%        N/A       1%          7
n - Fire Storm            Conj/Fire      73%        8d19      11%         9
o - Olgreb's Toxic Radia  Alch           55%        N/A       1%          4
p - Ignite Poison         Fire/Alch      100%       N/A       1%          4
q - Polar Vortex          Ice            43%        12d5*     63%         9
r - Bombard               Conj/Erth      37%        9d7       1%          6

Your spell library contained the following spells:

 Spells                   Type           Power      Damage    Failure   Level
 Kiss of Death            Conj/Necr      100%       2d13      0%          1
 Magic Dart               Conj           100%       1d8       0%          1
 Shock                    Conj/Air       100%       1d9       0%          1
 Sting                    Conj/Alch      100%       1d9       0%          1
 Call Imp                 Summ           100%       N/A       0%          2
 Momentum Strike          Conj/Tloc      100%       3d10      0%          2
 Searing Ray              Conj           100%       2d8       0%          2
 Static Discharge         Conj/Air       100%       3-8/arc   0%          2
 Dazzling Flash           Conj/Hex       100%       N/A       0%          3
 Hailstorm                Conj/Ice       92%        3d15      0%          3
 Inner Flame              Hex/Fire       100%       N/A       0%          3
 Volatile Blastmotes      Fire/Tloc      100%       2d18      0%          3
 Flame Wave               Conj/Fire      100%       2d21      0%          4
 Summon Blazeheart Golem  Fire/Summ      100%       N/A       0%          4
 Slow                     Hex            100%       N/A       1%          1
 Blink                    Tloc           100%       N/A       1%          2
 Cigotuvi's Dreadful Rot  Necr/Alch/Air  100%       N/A       1%          2
 Ensorcelled Hibernation  Hex/Ice        100%       N/A       1%          2
 Jinxbite                 Hex            100%       N/A       1%          2
 Lesser Beckoning         Tloc           100%       N/A       1%          2
 Mercury Vapours          Alch/Air       100%       N/A       1%          2
 Sublimation of Blood     Necr           40%        N/A       1%          2
 Call Canine Familiar     Summ           79%        N/A       1%          3
 Confusing Touch          Hex            68%        N/A       1%          3
 Fugue of the Fallen      Necr           40%        N/A       1%          3
 Mephitic Cloud           Conj/Alch/Air  75%        N/A       1%          3
 Passwall                 Erth           40%        N/A       1%          3
 Sigil of Binding         Hex            68%        N/A       1%          3
 Summon Ice Beast         Ice/Summ       83%        N/A       1%          3
 Swiftness                Air            66%        N/A       1%          3
 Teleport Other           Tloc           60%        N/A       1%          3
 Tukima's Dance           Hex            68%        N/A       1%          3
 Vampiric Draining        Necr           40%        2d8       1%          3
 Airstrike                Air            33%        2d(5-21)  1%          4
 Anguish                  Hex/Necr       28%        N/A       1%          4
 Brom's Barrelling Bould  Conj/Erth      75%        2d9       1%          4
 Cause Fear               Hex            34%        N/A       1%          4
 Dimensional Bullseye     Hex/Tloc       32%        N/A       1%          4
 Fulminant Prism          Conj/Alch      39%        3d17      1%          4
 Passage of Golubria      Tloc           60%        N/A       1%          4
 Sticky Flame             Fire/Alch      100%       2d15      1%          4
 Summon Lightning Spire   Summ/Air       73%        N/A       1%          4
 Vhi's Electric Charge    Tloc/Air       100%       N/A       1%          4
 Metabolic Englaciation   Hex/Ice        39%        N/A       1%          5
 Silence                  Hex/Air        33%        N/A       1%          5
 Summon Forest            Summ/Tloc      35%        N/A       1%          5
 Summon Mana Viper        Hex/Summ       74%        N/A       1%          5
 Yara's Violent Unravell  Hex/Alch       31%        3d13      1%          5
 Petrify                  Alch/Erth      49%        N/A       3%          4
 Alistair's Intoxication  Alch           36%        N/A       5%          5
 Animate Dead             Necr           40%        N/A       7%          4
 Dispel Undead            Necr           40%        3d16      7%          4
 Borgnjor's Vile Clutch   Necr/Erth      20%        N/A       19%         5
 Curse of Agony           Necr           40%        N/A       19%         5
 Conjure Ball Lightning   Conj/Air       41%        3x3d13    1%          6
 Starburst                Conj/Fire      73%        6d19      1%          6
 Summon Cactus Giant      Summ           39%        N/A       1%          6
 Orb of Destruction       Conj           48%        9d13      1%          7
 Ignition                 Fire           75%        3d20      1%          8
 Permafrost Eruption      Ice/Erth       34%        2x4d8     2%          6
 Sculpt Simulacrum        Ice/Alch       36%        N/A       4%          6
 Eringya's Noxious Bog    Alch           27%        4d6       9%          6
 Dispersal                Tloc           30%        N/A       19%         6
 Gell's Gavotte           Tloc           30%        2d(25-37) 19%         6
 Lehudib's Crystal Spear  Conj/Erth      37%        10d9      32%         8
 Enfeeble                 Hex            34%        N/A       36%         7
 Haunt                    Necr/Summ      31%        N/A       58%         7
 Maxwell's Capacitive Co  Air            33%        ∞         65%         8
 Death Channel            Necr           20%        N/A       71%         6
 Manifold Assault         Tloc           30%        N/A       71%         7
 Chain Lightning          Conj/Air       41%        3d55      80%         9
 Discord                  Hex            34%        N/A       96%         8
 Disjunction              Tloc           30%        N/A       100%        8
 Infestation              Necr           20%        N/A       100%        8
 Dragon's Call            Summ           39%        N/A       100%        9
 Shatter                  Erth           20%        3d18*     100%        9


Dungeon Overview and Level Annotations

Branches:
Dungeon (15/15)            Temple (0/1) D:6            Lair (5/5) D:9
 Shoals (4/4) Lair:2        Snake (4/4) Lair:3        Slime (5/5) Lair:4
    Orc (2/2) D:12            Elf (3/3) Orc:2        Vaults (5/5) D:14
  Crypt (0/3) Vaults:3     Depths (4/4) D:15           Hell (visited)
    Zot (5/5) Depths:4     Bailey (visited)           IceCv (visited)
Gauntlet (visited)
    Dis: Hell:1         Geh: Hell:1         Coc: Hell:1         Tar: Hell:1

Altars:
Ashenzari
Cheibriados
Dithmenos
Elyvilon
Okawaru
Ru
Sif Muna
Trog
Vehumet
Wu Jian
Xom
Yredelemnul
Zin
The Shining One
Beogh

Shops:
Orc:1 ?   Orc:2 *:([*   Elf:3 (   Shoals:1 ?   Shoals:2 (:[=[   Shoals:4 !
Snake:1 (   Vaults:1 !   Vaults:2 (   Depths:1 [(?(   Depths:3 (

Portals:
Hell: Depths:1 Depths:2 Depths:3 Depths:4
Abyss: Depths:2 Depths:3 Depths:4
Pandemonium: Depths:2
Ziggurat: Depths:1

Annotations:
D:4 Natasha
D:10 3 runed translucent doors, nj0rd12's ghost, journeyman GnSu
Vaults:1 1 runed translucent door
Vaults:3 2 transporters
Zot:3 1 transporter
Zot:4 1 runed translucent door, Cyqimiab's ghost, legendary MfGl


Innate Abilities, Weirdness & Mutations

You can breathe blasts of antimagic.
Your rich purple scales are hard. (AC +13)
You cannot fit into any form of body armour.
You are cold-blooded and may be slowed by cold attacks.
You have a somewhat thin skeletal structure. (Dex +2, Stealth+)
Your flesh is cold resistant. (rC+)
Your body sometimes deteriorates upon taking damage.
You are dopey. (Int -2)
Your natural rate of healing is unusually fast.


Message History

You see here a +0 short sword.
You feel a strong surge of power!
The bolt of lightning misses the hell beast.
The fiery plasma hits the hell beast!!!
The hell beast is heavily wounded.
Unknown command.
You feel a strong surge of power!
The bolt of lightning hits the hell beast!!!
You kill the hell beast!
Vehumet accepts your kill.
You feel your power returning.
There is a stone staircase leading up here.
You start resting.
HP restored.
You start resting.
A hellion comes into view.
You fly upwards.
There is a stone staircase leading down here.
There is a stone staircase leading up here.
You fly upwards.
There is a stone staircase leading down here.
Magic restored.
A ynoxinul comes into view.
The ynoxinul gestures.
Casting: Plasma Beam (mildly dangerous; 1% risk of failure)
Confirm with . or Enter, or press ? or * to list all spells.
Aiming: Fireball (safe; 0% risk of failure)
Press: ? - help, Shift-Dir - straight line, f - ufetubus
Aim: an ufetubus (summoned)
You feel a strong surge of power!
The fireball explodes!
The fireball engulfs the ufetubus!!!
The ufetubus is burned terribly!
You kill the ufetubus!
The ufetubus disappears in a puff of smoke!
The fireball engulfs the ynoxinul!!!
You kill the ynoxinul!
Vehumet accepts your kill.
You feel your power returning.
There is an open door here.
There is a staircase leading out of the dungeon here.
You have escaped!

###.## #.# ####'#### #.#
##PP#.#PP## #.# ##P~~#.#.PP## #.#
##P~~~#.#..PP## #.#
#P~~~~#.#...PP# #.#
#P~~~~#.#..PPP# #.# #
#########.########## #.#
########.+......@......'..## ##.#
†........#######.########..###..#
######.###P....#.#~~~~P###..##.##
# #.# #PP...#.#~~~~P# ##....# #
#.# ##PP..#.#~~~P## ###.## #
#.#####PP.#.#~~P## #.# #
#.....##PP#.#PP## #.# #
######.#####'#### ###.# #
#.............# ###...#


There were no monsters in sight!

Vanquished Creatures
  the Royal Jelly (Slime:5)
  Frederick (Depths:4)
  Tiamat (Zot:4)
  2 dread liches (Zot:5)
  5 ancient liches
  4 orbs of fire
  Vv (Depths:3)
  2 Killer Klowns
  Saint Roka (Orc:2)
  2 curse toes (Zot:4)
  12 golden dragons
  Geryon (Hell)
  A caustic shrike (Depths:3)
  Jory (Vaults:5)
  A bone dragon (Depths:4)
  2 electric golems
  A hellephant (Hell)
  Jorgrun (Orc:1)
  Zenata (Vaults:3)
  15 tentacled monstrosities
  5 deep elf blademasters
  2 deep elf master archers (Elf:3)
  2 liches
  20 Orb Guardians
  A walking earthen tome (Depths:2)
  6 titans
  11 sphinxes
  8 quicksilver dragons
  A walking frostbound tome (Depths:2)
  A kraken (Shoals:1)
  2 Executioners
  2 ancient champions (Depths:4)
  17 acid blobs
  Agnes (Snake:4)
  2 death cobs
  8 storm dragons
  Frances (Snake:1)
  2 shadow dragons
  2 protean progenitors
  3 draconian monks
  5 rockslimes
  7 tengu reavers
  5 nagarajas
  15 azure jellies
  2 draconian knights
  9 vault wardens
  3 fire giants
  4 draconian shifters
  9 deep elf sorcerers
  7 frost giants
  2 ghost moths (Zot:4)
  A balrug (Depths:4)
  3 draconian scorchers
  3 deep elf elementalists (Elf:3)
  3 cacodemons
  3 draconian annihilators
  2 reapers (Hell)
  17 very ugly things
  5 orc warlords
  A demonspawn corrupter (Zot:3)
  4 draconian stormcallers (Depths:4)
  4 spriggan defenders
  10 quicksilver oozes
  A formless jellyfish (Vaults:1)
  4 ironbound thunderhulks
  9 ironbound preservers
  11 stone giants
  4 elemental wellsprings
  9 deep elf death magi (Elf:3)
  4 green draconians
  4 yellow draconians
  5 deep elf annihilators
  4 black draconians
  4 deep elf demonologists
  3 vampire knights
  2 war gargoyles
  5 red draconians
  9 spark wasps
  10 dire elephants
  7 purple draconians
  4 lorocyprocas
  9 white draconians
  Azrael (Elf:2)
  A minotaur (Gauntlet)
  An iron golem (Depths:4)
  Snorg (Orc:1)
  15 ettins
  4 crystal guardians
  7 fire dragons
  6 merfolk impalers
  A merfolk javelineer (Depths:3)
  An entropy weaver (Vaults:2)
  Josephine (D:11)
  6 yaktaur captains
  10 hydras
  Erolcha (Orc:1)
  3 deep elf high priests (Elf:3)
  5 great orbs of eyes
  2 rakshasas
  Harold (D:11)
  An ogre mage (D:15)
  26 vault guards
  2 merfolk avatars
  6 ice dragons
  3 catoblepae
  2 peacekeepers
  7 salamander tyrants
  3 hell beasts
  6 ironbound frosthearts
  8 spriggan air magi
  An alligator snapping turtle (Shoals:4)
  16 anacondas
  6 centaur warriors
  15 dancing weapons
  6 hell hogs (Depths:4)
  10 two-headed ogres
  2 merfolk aquamancers (Shoals:4)
  4 boulder beetles
  2 satyrs
  2 deep troll earth magi
  6 tengu warriors
  3 deep troll shamans
  5 spriggan berserkers (Depths:3)
  8 death yaks
  2 occultists
  23 naga warriors
  3 orc high priests
  Sonja (Lair:2)
  4 soul eaters
  12 naga sharpshooters
  9 skysharks
  4 shock serpents
  13 deep elf knights
  4 hell knights
  11 sun demons
  2 skeletal warriors (Depths:4)
  10 salamander mystics
  4 iron trolls
  10 sea snakes
  9 deep elf archers
  A sixfirhy (Gauntlet)
  22 deep trolls
  5 flayed ghosts
  A mana viper (shapeshifter) (Vaults:4)
  Lodul (D:14)
  14 mana vipers
  12 ironbound convokers
  7 glowing orange brains
  A spriggan simulacrum (Hell)
  An orange crystal statue (Depths:3)
  3 arcanists
  11 naga ritualists
  5 phantasmal warriors
  11 harpies
  2 thermic dynamos (Elf:3)
  2 harpies (shapeshifter)
  An alligator zombie (Hell)
  8 lindwurms
  Pikel (D:8)
  10 orc knights
  21 deep elf zephyrmancers
  2 necromancers
  2 anaconda skeletons (Hell)
  6 shining eyes
  24 deep elf pyromancers
  4 orc sorcerers
  A salamander (shapeshifter) (Elf:1)
  23 ugly things
  A faun (shapeshifter) (Vaults:4)
  17 manticores
  8 fauns
  An oklob plant (Lair:1)
  A wolf spider (shapeshifter) (Vaults:4)
  25 moths of wrath
  2 cyclopes (shapeshifter)
  23 salamanders
  21 elephants
  Maurice (D:8)
  9 cyclopes
  A centaur zombie (D:10)
  A meliai (shapeshifter) (Vaults:2)
  11 merfolk sirens
  8 naga magi
  6 apocalypse crabs (Zot:1)
  6 water nymphs
  2 eyes of devastation
  A rust devil (Depths:4)
  12 vault sentinels
  4 kobold blastminers
  A cane toad (shapeshifter) (D:15)
  17 cane toads
  7 guardian serpents
  46 black mambas
  2 gargoyles
  An unseen horror (shapeshifter) (D:14)
  A torpor snail (Lair:4)
  2 ice statues (Shoals:3)
  A sea snake zombie (Hell)
  2 orange demons (Hell)
  3 nameless horrors
  Maggie (Lair:2)
  3 efreet
  2 hellions
  20 yaktaurs
  3 storm dragon simulacra (IceCv)
  8 ice devils
  5 rime drakes
  2 freezing wraiths (Vaults:4)
  3 unseen horrors
  10 komodo dragons
  Psyche (D:10)
  2 tengu conjurers
  A tormentor (Zot:5)
  5 golden dragon simulacra (IceCv)
  4 polar bears
  5 wind drakes
  10 trolls
  A queen bee (shapeshifter) (Vaults:2)
  7 glass eyes
  17 merfolk
  Grinder (D:6)
  2 hellwings
  Prince Ribbit (D:6)
  13 dream sheep
  2 hydra skeletons (Hell)
  23 blink frogs
  A hornet (Depths:2)
  A meliai zombie (D:15)
  78 slime creatures
  14 snapping turtles
  An air elemental (Elf:3)
  9 water elementals
  5 centaur simulacra
  2 ynoxinuls
  A wyvern (shapeshifter) (Vaults:2)
  43 yaks
  A shadow (D:12)
  5 wraiths
  2 fire elementals
  5 basilisks
  6 golden eyes (Slime:5)
  A spriggan (Lair:4)
  6 wyverns
  Eustachio (D:5)
  A golden eye (shapeshifter) (Vaults:2)
  8 wargs
  3 steam dragons
  3 redbacks
  A chaos spawn (Depths:3)
  35 nagas
  10 vampire mosquitoes
  Menkaure (D:7)
  2 swamp worms (Lair:1)
  3 acid dragons
  A hydra simulacrum (Hell)
  7 hell hounds
  54 orc warriors
  A swamp drake (shapeshifter) (Elf:2)
  An ice beast (D:4)
  17 water moccasins
  2 black bears (shapeshifter)
  2 ice dragon simulacra
  6 black bears
  11 ogres
  A crocodile (shapeshifter) (Vaults:2)
  2 boggarts
  3 small abominations (Depths:3)
  19 wolves
  9 centaurs
  3 kobold brigands
  16 bullfrogs
  An earth elemental (Elf:3)
  2 gnoll sergeants
  5 scorpions
  6 killer bees (D:8)
  4 lindwurm simulacra (IceCv)
  An electric eel (D:12)
  3 hounds
  A jelly (D:6)
  3 bombardier beetles
  23 orc priests
  4 iguanas
  35 orc wizards
  Natasha (D:4)
  A hell rat (Lair:4)
  A boggart skeleton (D:15)
  A howler monkey zombie (D:10)
  13 gnolls
  7 adders
  A shadow imp (D:7)
  A white imp (D:6)
  5 ufetubi
  5 dart slugs
  2 ribbon worms
  130 orcs
  12 endoplasms
  8 giant cockroaches
  22 goblins
  22 hobgoblins
  4 jackals (D:2)
  4 quokkas
  5 ball pythons
  7 bats
  6 frilled lizards
  13 kobolds
  6 rats
  2 fire vortices
2092 creatures vanquished.

Vanquished Creatures (collateral kills)
  An ancient lich (Vaults:4)
  4 juggernauts
  3 Killer Klowns
  2 curse toes (Zot:1)
  4 golden dragons
  8 Orb Guardians
  A Brimstone Fiend (Depths:1)
  The ghost of Heidiaz the Merfolkian Porcupine, an adept MfBe of Trog (Vaults:2)
  6 tentacled monstrosities
  2 quicksilver dragons (Zot:1)
  A deep elf master archer (Elf:3)
  A titan (Vaults:4)
  2 acid blobs
  4 sphinxes
  2 storm dragons
  5 death cobs
  The ghost of Tulador the Executioner, an adept HOFi of Beogh (Depths:1)
  6 shadow dragons
  Roxanne (Shoals:4)
  2 tengu reavers
  4 rockslimes
  An azure jelly (Slime:5)
  2 iron dragons (Depths:3)
  2 draconian monks
  A protean progenitor (Zot:1)
  4 vault wardens
  2 draconian shifters
  2 fire giants
  A draconian knight (IceCv)
  2 draconian scorchers
  A deep elf elementalist (Elf:3)
  2 cacodemons (Vaults:2)
  10 ironbound preservers
  2 quicksilver oozes
  A reaper (Hell)
  2 orc warlords
  A spriggan defender (Depths:4)
  3 stone giants
  2 draconian annihilators
  10 very ugly things
  3 vampire knights
  7 ironbound thunderhulks
  2 green draconians
  A demonspawn black sun (D:3)
  An elemental wellspring (Depths:3)
  3 black draconians
  2 deep elf death magi
  7 white draconians
  8 dire elephants
  7 purple draconians
  3 yellow draconians
  4 spark wasps
  3 red draconians
  2 war gargoyles
  2 deep elf annihilators (Elf:3)
  4 merfolk javelineers
  9 ettins
  A jiangshi (Vaults:3)
  A merfolk impaler (Shoals:4)
  4 fire dragons
  7 yaktaur captains
  2 entropy weavers
  2 great orbs of eyes (Vaults:4)
  An ice dragon (Depths:3)
  A deep elf high priest (Zot:2)
  2 peacekeepers (Vaults:2)
  A rakshasa (Depths:1)
  7 vault guards
  4 hydras (Depths:4)
  3 spriggan air magi
  2 ironbound frosthearts
  An ogre mage (Vaults:5)
  An alligator snapping turtle (Shoals:4)
  A merfolk avatar (Shoals:4)
  A centaur warrior (D:14)
  A tengu warrior (Depths:1)
  7 dancing weapons (Elf:2)
  4 two-headed ogres
  4 deep troll shamans
  3 deep troll earth magi
  A merfolk aquamancer (Shoals:4)
  2 deep elf knights (Elf:3)
  A sun demon (Depths:2)
  An iron troll (Depths:3)
  2 spriggan berserkers (Depths:2)
  A skeletal warrior (Vaults:3)
  4 sea snakes (Shoals:4)
  35 deep trolls
  A deep elf archer (Elf:1)
  A mana viper (shapeshifter) (Vaults:2)
  A glowing orange brain (Vaults:2)
  13 ironbound convokers
  5 arcanists
  7 lindwurms
  An orange crystal statue (IceCv)
  A phantasmal warrior (Vaults:3)
  8 orc knights
  3 harpies
  3 deep elf pyromancers
  A thermic dynamo (Elf:3)
  13 ugly things
  2 necromancers
  A cyclops (Shoals:4)
  6 moths of wrath
  A merfolk siren (Shoals:4)
  An apocalypse crab (Zot:1)
  A smoke demon (Depths:2)
  9 vault sentinels
  3 large abominations (Depths:3)
  2 centaur skeletons (D:15)
  A storm dragon simulacrum (IceCv)
  10 yaktaurs
  A freezing wraith (Vaults:5)
  2 tengu conjurers (D:15)
  6 golden dragon simulacra (IceCv)
  8 merfolk
  2 hornets (Depths:3)
  A jumping spider (Vaults:4)
  A tarantella (Vaults:4)
  3 wind drakes (Shoals:4)
  A hellwing (D:15)
  3 snapping turtles (Shoals:4)
  3 spriggans
  A culicivora (Vaults:2)
  5 small abominations (Depths:3)
  12 slime creatures
  3 water elementals
  A warg (Orc:2)
  A fire elemental (Elf:2)
  A chaos spawn (Depths:3)
  A hell hound (Elf:2)
  An ice dragon simulacrum (IceCv)
  2 ogres (D:15)
  2 boggarts (Vaults:3)
  3 centaurs
  2 aspiring fleshes
  A fire vortex (Zot:5)
450 creatures vanquished.

Vanquished Creatures (others)
  An electric golem (Zot:5)
  An eldritch tentacle (Zot:5)
  A vault guard (Vaults:5)
  A caustic shrike simulacrum (Hell)
  A sixfirhy (Hell)
  A yaktaur (Vaults:5)
  A harpy skeleton (Hell)
  An orc priest (Orc:2)
  A creeping inferno (Hell)
  76 fire vortices
  876 foxfires
  7 tentacles (Shoals:1)
968 creatures vanquished.

Grand Total: 3510 creatures vanquished

Notes
Turn   | Place    | Note
-------+----------+-------------------------------------------
     0 | D:1      | Civil the Draconian Fire Elementalist began the quest for
                  | the Orb.
     0 | D:1      | Reached XP level 1. HP: 14/14 MP: 3/3
   488 | D:1      | Reached XP level 2. HP: 12/20 MP: 1/5
   633 | D:1      | Learned a level 2 spell: Scorch
  1487 | D:1      | Reached XP level 3. HP: 24/26 MP: 4/6
  2639 | D:2      | Reached XP level 4. HP: 33/33 MP: 3/7
  3399 | D:3      | Found a sacrificial altar of Ru.
  3449 | D:4      | Reached skill level 1 in Short Blades
  3868 | D:3      | Found an ornate altar of the Wu Jian Council.
  4114 | D:3      | Reached XP level 5. HP: 38/38 MP: 4/9
  4311 | D:4      | Found a glowing golden altar of the Shining One.
  4323 | D:4      | Reached skill level 3 in Spellcasting
  4393 | D:4      | Learned a level 3 spell: Inner Flame
  4397 | D:4      | Learned a level 3 spell: Volatile Blastmotes
  4996 | D:4      | Noticed Natasha
  5000 | D:4      | Killed Natasha
  5005 | D:4      | Found a radiant altar of Vehumet.
  5013 | D:4      | Became a worshipper of Vehumet
  5292 | D:4      | Noticed an ice beast
  5306 | D:4      | Killed an ice beast
  5307 | D:4      | Reached XP level 6. HP: 46/46 MP: 1/11
  5609 | D:4      | Reached skill level 1 in Shields
  6422 | D:5      | Entered Level 5 of the Dungeon
  6995 | D:5      | Noticed Eustachio
  7000 | D:5      | Killed Eustachio
  7001 | D:5      | Reached skill level 4 in Spellcasting
  7001 | D:5      | Reached skill level 5 in Fire Magic
  7001 | D:5      | Your scales start taking on a rich purple colour.
  7001 | D:5      | Reached skill level 5 in Spellcasting
  7001 | D:5      | Reached XP level 7. HP: 48/51 MP: 1/14
  7299 | D:5      | Reached skill level 1 in Hexes
  7355 | D:5      | Identified the +0 scale mail of Diroize {Rampage Will-
                  | Dex+2}
  8223 | D:6      | Noticed Grinder
  8225 | D:6      | Paralysed by Grinder for 2 turns
  8241 | D:6      | Reached XP level 8. HP: 53/58 MP: 4/16
  8255 | D:6      | Killed Grinder
  8256 | D:6      | Reached skill level 6 in Spellcasting
  8258 | D:6      | Reached * piety under Vehumet
  8258 | D:6      | Offered knowledge of Freeze by Vehumet.
  8323 | D:6      | Learned a level 1 spell: Freeze
  8328 | D:6      | Learned a level 4 spell: Flame Wave
  8552 | D:6      | Reached skill level 1 in Fighting
  8620 | D:6      | Found a staircase to the Ecumenical Temple.
  8641 | D:6      | Noticed Prince Ribbit
  8650 | D:6      | Killed Prince Ribbit
  9178 | D:6      | Found a shimmering blue altar of Sif Muna.
  9519 | D:7      | Found a flagged portal.
  9525 | Bailey   | Entered a bailey
  9636 | Bailey   | Offered knowledge of Static Discharge by Vehumet.
  9636 | Bailey   | HP: 2/59 [spore (25)]
  9666 | Bailey   | Reached ** piety under Vehumet
  9901 | Bailey   | Reached skill level 7 in Spellcasting
  9914 | Bailey   | Reached XP level 9. HP: 66/66 MP: 10/19
 10186 | Bailey   | Noticed an orc warlord
 10482 | Bailey   | Killed an orc warlord
 10483 | Bailey   | Reached skill level 8 in Spellcasting
 10636 | Bailey   | Noticed an orc knight
 10643 | Bailey   | Reached skill level 9 in Spellcasting
 10647 | Bailey   | Killed an orc knight
 10924 | Bailey   | Reached skill level 1 in Evocations
 10988 | Bailey   | Learned a level 3 spell: Frozen Ramparts
 10988 | Bailey   | Acquired the amulet "Natemecur" {Reflect rC+ Will+ Int+4
                  | SH+5}
 11079 | D:7      | Reached skill level 1 in Ice Magic
 11081 | D:7      | Reached XP level 10. HP: 63/73 MP: 8/23
 11662 | D:7      | Noticed Menkaure
 11667 | D:7      | Killed Menkaure
 11693 | D:7      | Found a shimmering altar of Xom.
 12041 | D:8      | Noticed Maurice
 12049 | D:8      | Killed Maurice
 12050 | D:8      | Reached skill level 10 in Spellcasting
 12340 | D:8      | Noticed Pikel
 12349 | D:8      | Killed Pikel
 13044 | D:8      | Learned a level 3 spell: Ozocubu's Armour
 13065 | D:8      | Reached skill level 1 in Translocations
 13417 | D:8      | Offered knowledge of Momentum Strike by Vehumet.
 13418 | D:8      | Reached skill level 5 in Fighting
 13484 | D:8      | Learned a level 4 spell: Iskenderun's Mystic Blast
 14666 | D:9      | Reached *** piety under Vehumet
 14845 | D:9      | Reached XP level 11. HP: 84/86 MP: 11/25
 14969 | D:9      | Found a staircase to the Lair.
 15397 | D:9      | Found a snail-covered altar of Cheibriados.
 15464 | D:10     | Entered Level 10 of the Dungeon
 15557 | D:10     | Found a white marble altar of Elyvilon.
 15557 | D:10     | Found a shadowy altar of Dithmenos.
 15631 | D:10     | Noticed Psyche
 15639 | D:10     | Killed Psyche
 15668 | D:10     | Offered knowledge of Stone Arrow by Vehumet.
 15898 | D:10     | Reached skill level 10 in Fire Magic
 16169 | D:10     | Found a runed translucent gate.
 16169 | D:10     | Found a runed translucent gate.
 16169 | D:10     | Found a runed translucent gate.
 16169 | D:10     | Noticed nj0rd12's ghost (journeyman GnSu)
 16171 | D:10     | Found a basalt altar of Yredelemnul.
 16835 | D:11     | Noticed Harold
 16852 | D:11     | Killed Harold
 17312 | D:11     | Noticed Josephine
 17468 | D:11     | Killed Josephine
 18402 | Lair:1   | Entered Level 1 of the Lair of Beasts
 18463 | Lair:1   | Reached skill level 5 in Shields
 18463 | Lair:1   | Reached skill level 5 in Conjurations
 18689 | Lair:1   | Reached skill level 5 in Stealth
 19048 | Lair:1   | Reached skill level 5 in Dodging
 19297 | Lair:1   | Noticed an oklob plant
 19338 | Lair:1   | Reached XP level 12. HP: 54/101 MP: 7/26
 21377 | Lair:2   | Noticed Maggie
 21385 | Lair:2   | Killed Maggie
 22351 | Lair:2   | Reached **** piety under Vehumet
 22854 | Lair:2   | Offered knowledge of Airstrike by Vehumet.
 22861 | Lair:2   | Noticed Sonja
 22867 | Lair:2   | Killed Sonja
 23088 | Lair:2   | Found a staircase to the Shoals.
 23263 | Lair:2   | Reached skill level 5 in Ice Magic
 23543 | Lair:2   | Reached skill level 10 in Fighting
 23906 | Lair:2   | Learned a level 5 spell: Metabolic Englaciation
 24731 | Lair:3   | Noticed an eight-headed hydra
 24738 | Lair:3   | Killed an eight-headed hydra
 24739 | Lair:3   | Reached XP level 13. HP: 96/113 MP: 19/27
 24818 | Lair:3   | Found a gate leading to a gauntlet.
 24834 | Gauntlet | Entered a Gauntlet
 24834 | Gauntlet | Found a transporter.
 24834 | Gauntlet | Found a transporter.
 24898 | Gauntlet | Found a transporter.
 24900 | Gauntlet | Found a transporter.
 24901 | Gauntlet | Found a transporter.
 24903 | Gauntlet | Found a large runed translucent door.
 24904 | Gauntlet | Found a large runed translucent door.
 24905 | Gauntlet | Found a large runed translucent door.
 24905 | Gauntlet | Found a large runed translucent door.
 24905 | Gauntlet | Found a runed translucent door.
 24906 | Gauntlet | Found a large runed translucent door.
 24907 | Gauntlet | Found a large runed translucent door.
 24908 | Gauntlet | Found a large runed translucent door.
 24908 | Gauntlet | Found a large runed translucent door.
 24909 | Gauntlet | Found a runed translucent gate.
 24913 | Gauntlet | Found a transporter.
 24915 | Gauntlet | Found a transporter.
 24925 | Gauntlet | Found a transporter.
 25019 | Gauntlet | Found a transporter.
 25021 | Gauntlet | Found a large runed translucent door.
 25022 | Gauntlet | Found a large runed translucent door.
 25023 | Gauntlet | Found a large runed translucent door.
 25023 | Gauntlet | Found a large runed translucent door.
 25023 | Gauntlet | Found a runed translucent door.
 25024 | Gauntlet | Found a large runed translucent door.
 25025 | Gauntlet | Found a large runed translucent door.
 25026 | Gauntlet | Found a large runed translucent door.
 25026 | Gauntlet | Found a large runed translucent door.
 25027 | Gauntlet | Found a runed translucent gate.
 25027 | Gauntlet | Found a runed translucent gate.
 25029 | Gauntlet | Found a transporter.
 25033 | Gauntlet | Found a transporter.
 25044 | Gauntlet | Found a transporter.
 25274 | Gauntlet | Reached ***** piety under Vehumet
 25286 | Gauntlet | Identified the staff "Buataar" {rPois Str+2 Summ Alchemy}
 25317 | Gauntlet | Offered knowledge of Ozocubu's Refrigeration by Vehumet.
 25431 | Gauntlet | Identified the +10 arbalest of Rubbish {freeze, rF+ Dex+3}
 25431 | Gauntlet | Identified the +5 plate armour "Esuqaat" {Will++}
 25431 | Gauntlet | Noticed a minotaur
 25573 | Gauntlet | Killed a minotaur
 25574 | Gauntlet | Reached skill level 11 in Spellcasting
 27050 | Lair:3   | Found a staircase to the Snake Pit.
 27855 | Lair:4   | Found a staircase to the Slime Pits.
 28244 | Lair:4   | Reached skill level 12 in Spellcasting
 28564 | Lair:4   | Reached skill level 5 in Evocations
 29177 | Lair:4   | Reached skill level 13 in Spellcasting
 29350 | Lair:4   | Reached XP level 14. HP: 104/122 MP: 21/31
 31031 | Lair:5   | Entered Level 5 of the Lair of Beasts
 32255 | Lair:5   | Identified the +1 cloak of Taxasm {Rampage Int+4 Dex-5}
 35019 | Lair:5   | Identified the +1 sling of the Sneaky Geomancers {drain,
                  | rElec Int+6 Dex-2 Stlth-}
 35775 | D:12     | Found a staircase to the Orcish Mines.
 35824 | D:12     | Reached skill level 5 in Hexes
 36227 | D:12     | Reached XP level 15. HP: 129/133 MP: 26/32
 36900 | D:12     | Found a portal to a secret trove of treasure.
 37633 | D:12     | Reached skill level 1 in Ranged Weapons
 38202 | Orc:1    | Entered Level 1 of the Orcish Mines
 38442 | Orc:1    | Offered knowledge of Sticky Flame by Vehumet.
 39021 | Orc:1    | Noticed Erolcha
 39029 | Orc:1    | Killed Erolcha
 39275 | Orc:1    | Noticed Jorgrun
 39284 | Orc:1    | Noticed Snorg
 39289 | Orc:1    | Killed Jorgrun
 39292 | Orc:1    | Killed Snorg
 39509 | Orc:1    | Found Gyuh's Magic Scroll Emporium.
 39517 | Orc:1    | Bought a scroll of blinking for 112 gold pieces
 39732 | Orc:1    | You fall into a shaft and drop 1 floor!
 39732 | Orc:2    | Entered Level 2 of the Orcish Mines
 39738 | Orc:2    | Found a staircase to the Elven Halls.
 40301 | Orc:1    | Found a roughly hewn altar of Beogh.
 40344 | Orc:2    | Found a roughly hewn altar of Beogh.
 40536 | Orc:2    | Found a roughly hewn altar of Beogh.
 40916 | Orc:2    | Found Cetuek's General Store.
 40924 | Orc:2    | Bought a potion of curing for 39 gold pieces
 41008 | Orc:2    | Found a roughly hewn altar of Beogh.
 41020 | Orc:2    | Found Epukk's Book Boutique.
 41558 | Orc:2    | Offered knowledge of Irradiate by Vehumet.
 41880 | Orc:2    | Found a roughly hewn altar of Beogh.
 42542 | Orc:2    | Noticed Saint Roka
 42559 | Orc:2    | Killed Saint Roka
 43100 | Orc:2    | Reached skill level 5 in Ranged Weapons
 43145 | Orc:2    | Found a roughly hewn altar of Beogh.
 43146 | Orc:2    | Found Butyrau's General Store.
 43154 | Orc:2    | Bought a wand of charming (4) for 124 gold pieces
 43160 | Orc:2    | Learned a level 5 spell: Irradiate
 43621 | Orc:2    | Found Icier Itze's Antique Weapon Shoppe.
 43622 | Orc:2    | Found a roughly hewn altar of Beogh.
 43623 | Orc:2    | Found Wasacvol's Antique Armour Emporium.
 43642 | Orc:2    | Bought a pair of runed gloves for 165 gold pieces
 43701 | Orc:2    | Found a roughly hewn altar of Beogh.
 43853 | Orc:2    | Bought a book of Spectacle for 600 gold pieces
 43860 | Orc:2    | Learned a level 6 spell: Starburst
 44038 | Snake:1  | Entered Level 1 of the Snake Pit
 44044 | Snake:1  | Reached skill level 1 in Staves
 44775 | Snake:1  | Identified the +4 falchion "Jeynyesch" {freeze, rCorr Dex+2
                  | Stlth+}
 45344 | Snake:1  | Offered knowledge of Freezing Cloud by Vehumet.
 45765 | Snake:1  | Noticed Frances
 45775 | Snake:1  | Killed Frances
 46334 | Snake:1  | Found Vateepty's Antique Weapon Emporium.
 46419 | Snake:1  | Reached XP level 16. HP: 144/144 MP: 19/33
 46607 | Snake:1  | Reached skill level 10 in Evocations
 47621 | Snake:2  | Learned a level 5 spell: Freezing Cloud
 47664 | Snake:2  | Reached skill level 14 in Spellcasting
 47704 | Snake:2  | Gained mutation: Your tail ends in a venomous barb.
                  | [mutagenic glow]
 48983 | Snake:2  | Reached skill level 1 in Alchemy
 49127 | Snake:2  | Reached skill level 10 in Dodging
 49127 | Snake:2  | Reached skill level 1 in Air Magic
 51511 | Snake:3  | Offered knowledge of Fireball by Vehumet.
 51519 | Snake:3  | Learned a level 5 spell: Fireball
 53042 | Snake:4  | Entered Level 4 of the Snake Pit
 53604 | Snake:4  | Reached skill level 15 in Spellcasting
 53793 | Snake:4  | Reached skill level 10 in Ice Magic
 54057 | Snake:4  | Reached XP level 17. HP: 128/152 MP: 6/36
 55233 | Snake:4  | Noticed Agnes
 55240 | Snake:4  | Killed Agnes
 55732 | Snake:4  | Identified the +1 leather armour of the Planets {rC++}
 55837 | Snake:4  | Reached skill level 16 in Spellcasting
 56039 | Snake:4  | Offered knowledge of Bombard by Vehumet.
 57540 | Snake:4  | Reached skill level 17 in Spellcasting
 57661 | Snake:4  | Reached skill level 15 in Fighting
 57956 | Snake:4  | Got a serpentine rune of Zot
 58271 | Snake:4  | Upgraded the game from 0.32-a0-898-g7811c86cf0 to
                  | 0.32-a0-900-g30fb1b0edc
 58443 | Shoals:1 | Entered Level 1 of the Shoals
 58443 | Shoals:1 | Found Meinasch's Magic Scroll Shoppe.
 59025 | Shoals:1 | You fall into a shaft and drop 1 floor!
 59353 | Shoals:2 | Found Weubuc's Antique Armour Boutique.
 59368 | Shoals:2 | Bought a pair of embroidered boots for 247 gold pieces
 59381 | Shoals:2 | Found Qutzus's Jewellery Boutique.
 59386 | Shoals:2 | Found Mompak's Armour Shop.
 59412 | Shoals:2 | Acquired 871 gold pieces
 59424 | Shoals:2 | Noticed a walking crystal tome
 59439 | Shoals:2 | Found Ytzuac's Book Shoppe.
 59451 | Shoals:2 | Noticed a walking crystal tome
 59473 | Shoals:1 | Offered knowledge of Permafrost Eruption by Vehumet.
 59492 | Shoals:1 | Learned a level 7 spell: Spellforged Servitor
 60005 | Shoals:1 | Bought a scroll of teleportation for 33 gold pieces
 60535 | Shoals:1 | Reached skill level 1 in Summonings
 61439 | Shoals:1 | Noticed a kraken
 61448 | Shoals:1 | Killed a kraken
 61810 | Shoals:2 | Bought a book of Fire for 576 gold pieces
 61818 | Shoals:2 | Learned a level 6 spell: Plasma Beam
 61831 | Shoals:2 | Reached XP level 18. HP: 163/163 MP: 39/39
 62153 | Shoals:2 | Reached skill level 18 in Spellcasting
 62756 | Shoals:2 | Found Yruawnos's Antique Weapon Boutique.
 63153 | Shoals:2 | Reached XP level 19. HP: 170/170 MP: 41/41
 63154 | Shoals:2 | Reached skill level 5 in Summonings
 63154 | Shoals:2 | Reached skill level 5 in Air Magic
 63154 | Shoals:2 | Reached XP level 20. HP: 179/179 MP: 42/42
 63210 | Shoals:3 | Found a glacial archway.
 63440 | IceCv    | Entered an ice cave
 64546 | IceCv    | Identified the ring of Ligiu {rC+ Dex+3 Slay+3}
 65719 | Shoals:4 | Entered Level 4 of the Shoals
 65733 | Shoals:4 | Got the Encyclopedia of Angular Heat
 66903 | Shoals:4 | Found Uqik's Distillery.
 66915 | Shoals:4 | Got a barnacled rune of Zot
 66923 | Shoals:4 | Bought a potion of heal wounds for 80 gold pieces
 66923 | Shoals:4 | Bought a potion of curing for 48 gold pieces
 67155 | Shoals:4 | Reached ****** piety under Vehumet
 67410 | Shoals:4 | Noticed Roxanne
 67429 | Shoals:4 | Killed Roxanne
 67865 | Shoals:4 | Identified the +0 helmet of the Original Sin {Fly Str+5
                  | Dex+4}
 69043 | D:13     | You are sucked into a shaft and drop 1 floor!
 69882 | D:14     | Offered knowledge of Fire Storm by Vehumet.
 69882 | D:14     | Offered knowledge of Chain Lightning by Vehumet.
 69882 | D:14     | Offered knowledge of Polar Vortex by Vehumet.
 70108 | D:14     | Found a gate to the Vaults.
 70300 | D:14     | Noticed Lodul
 70313 | D:14     | Killed Lodul
 71210 | Vaults:1 | Entered Level 1 of the Vaults
 72088 | Vaults:1 | Found a runed translucent door.
 72346 | Vaults:1 | Reached XP level 21. HP: 172/189 MP: 11/43
 73502 | Vaults:1 | Found Qyophupp's Distillery.
 73505 | Vaults:1 | Bought a potion of heal wounds for 100 gold pieces
 73505 | Vaults:1 | Bought a potion of heal wounds for 100 gold pieces
 73505 | Vaults:1 | Bought a potion of heal wounds for 100 gold pieces
 73505 | Vaults:1 | Bought a potion of magic for 160 gold pieces
 74005 | Vaults:2 | Learned a level 7 spell: Orb of Destruction
 74597 | Orc:1    | Bought 2 scrolls of amnesia for 120 gold pieces
 74597 | Orc:1    | Bought a scroll of revelation for 112 gold pieces
 75105 | Vaults:2 | Identified the ring of Moral Flaws {rF+ Int+5}
 75661 | Vaults:2 | Reached skill level 19 in Spellcasting
 77785 | Vaults:2 | Found a runed translucent gate.
 77787 | Vaults:2 | Found a runed translucent gate.
 77788 | Vaults:2 | Found a runed translucent gate.
 78314 | Vaults:2 | Found Rudyuf's Antique Weapon Shoppe.
 78699 | Vaults:2 | Found a runed translucent gate.
 78699 | Vaults:2 | Found a runed translucent gate.
 78705 | Vaults:2 | Noticed Heidiaz's ghost (adept MfBe)
 78707 | Vaults:2 | Found a runed translucent gate.
 78740 | Vaults:2 | Killed Heidiaz's ghost
 78742 | Vaults:2 | Gained mutation: Your body sometimes deteriorates upon
                  | taking damage. [a cacodemon]
 78971 | Vaults:2 | Learned a level 1 spell: Apportation
 78977 | Vaults:2 | Identified the +0 cloak of the Forsaken Brambles {Harm
                  | Int+3}
 79403 | Vaults:3 | Reached skill level 10 in Conjurations
 79414 | Vaults:3 | Reached XP level 22. HP: 201/201 MP: 18/45
 79416 | Vaults:3 | Reached skill level 20 in Spellcasting
 79942 | Vaults:3 | Reached skill level 10 in Summonings
 80355 | Vaults:3 | Found a transporter.
 80363 | Vaults:3 | Found a transporter.
 80414 | Vaults:3 | Found a bloodstained altar of Trog.
 80414 | Vaults:3 | Found the +8 Wrath of Trog {antimagic, *Rage Rampage}
 80627 | Vaults:3 | Found a staircase to the Crypt.
 80722 | Vaults:3 | Noticed Zenata
 80731 | Vaults:3 | Killed Zenata
 83126 | Vaults:4 | Reached skill level 21 in Spellcasting
 83552 | Vaults:4 | Lost mutation: Your tail ends in a venomous barb. [potion
                  | of mutation]
 83552 | Vaults:4 | Lost mutation: Your body sometimes deteriorates upon taking
                  | damage. [potion of mutation]
 83552 | Vaults:4 | Gained mutation: You occasionally lose the ability to read
                  | scrolls when taking damage. [potion of mutation]
 83552 | Vaults:4 | Gained mutation: You possess an exceptional clarity of
                  | mind. [potion of mutation]
 83552 | Vaults:4 | Gained mutation: You are frail. (-10% HP) [potion of
                  | mutation]
 83553 | Vaults:4 | Lost mutation: You occasionally lose the ability to read
                  | scrolls when taking damage. [potion of mutation]
 83553 | Vaults:4 | Lost mutation: You possess an exceptional clarity of mind.
                  | [potion of mutation]
 83553 | Vaults:4 | Gained mutation: Your spells are a little easier to cast,
                  | but a little less powerful. [potion of mutation]
 83553 | Vaults:4 | Gained mutation: Your tail ends in a venomous barb. [potion
                  | of mutation]
 83553 | Vaults:4 | Gained mutation: You are resistant to electric shocks.
                  | (rElec) [potion of mutation]
 83554 | Vaults:4 | Lost mutation: Your tail ends in a venomous barb. [potion
                  | of mutation]
 83554 | Vaults:4 | Lost mutation: Your spells are a little easier to cast, but
                  | a little less powerful. [potion of mutation]
 83554 | Vaults:4 | Lost mutation: You are resistant to electric shocks.
                  | (rElec) [potion of mutation]
 83554 | Vaults:4 | Gained mutation: Your body sometimes deteriorates upon
                  | taking damage. [potion of mutation]
 83554 | Vaults:4 | Gained mutation: You are clumsy. (Dex -2) [potion of
                  | mutation]
 83554 | Vaults:4 | Gained mutation: Potions are less effective at restoring
                  | your health. [potion of mutation]
 83555 | Vaults:4 | Lost mutation: You are frail. (-10% HP) [potion of
                  | mutation]
 83555 | Vaults:4 | Lost mutation: Potions are less effective at restoring your
                  | health. [potion of mutation]
 83555 | Vaults:4 | Lost mutation: Your body sometimes deteriorates upon taking
                  | damage. [potion of mutation]
 83555 | Vaults:4 | Gained mutation: Your large and strong wings let you fly.
                  | [potion of mutation]
 83555 | Vaults:4 | Gained mutation: You possess an exceptional clarity of
                  | mind. [potion of mutation]
 83555 | Vaults:4 | Lost mutation: Your large and strong wings let you fly.
                  | [potion of mutation]
 83557 | Vaults:4 | Lost mutation: You possess an exceptional clarity of mind.
                  | [potion of mutation]
 83557 | Vaults:4 | Lost mutation: You are clumsy. (Dex -2) [potion of
                  | mutation]
 83557 | Vaults:4 | Gained mutation: Your body sometimes deteriorates upon
                  | taking damage. [potion of mutation]
 83557 | Vaults:4 | Gained mutation: You occasionally shout uncontrollably at
                  | your foes. [potion of mutation]
 83557 | Vaults:4 | Gained mutation: You are frail. (-10% HP) [potion of
                  | mutation]
 83557 | Vaults:4 | Gained mutation: You are agile. (Dex +4, Str/Int -1)
                  | [potion of mutation]
 83558 | Vaults:4 | Lost mutation: You occasionally shout uncontrollably at
                  | your foes. [potion of mutation]
 83558 | Vaults:4 | Lost mutation: Your body sometimes deteriorates upon taking
                  | damage. [potion of mutation]
 83558 | Vaults:4 | Lost mutation: You are agile. (Dex +4, Str/Int -1) [potion
                  | of mutation]
 83558 | Vaults:4 | Gained mutation: Your flesh is cold resistant. (rC+)
                  | [potion of mutation]
 83558 | Vaults:4 | Lost mutation: You are frail. (-10% HP) [potion of
                  | mutation]
 83558 | Vaults:4 | Gained mutation: You are robust. (+10% HP) [potion of
                  | mutation]
 84215 | Vaults:5 | Entered Level 5 of the Vaults
 84218 | Vaults:5 | Noticed Jory
 84230 | Vaults:5 | Killed Jory
 84231 | Vaults:5 | Lost mutation: You are robust. (+10% HP) [mutagenic glow]
 84732 | Vaults:4 | Lost mutation: Your flesh is cold resistant. (rC+) [potion
                  | of mutation]
 84732 | Vaults:4 | Gained mutation: You sometimes lose your temper in combat.
                  | [potion of mutation]
 84732 | Vaults:4 | Gained mutation: You are robust. (+10% HP) [potion of
                  | mutation]
 84733 | Vaults:4 | Lost mutation: You sometimes lose your temper in combat.
                  | [potion of mutation]
 84733 | Vaults:4 | Lost mutation: You are robust. (+10% HP) [potion of
                  | mutation]
 84733 | Vaults:4 | Gained mutation: Your magical capacity is low. (-10% MP)
                  | [potion of mutation]
 84734 | Vaults:4 | Lost mutation: Your magical capacity is low. (-10% MP)
                  | [potion of mutation]
 84734 | Vaults:4 | Gained mutation: You have a pair of small horns on your
                  | head. [potion of mutation]
 84734 | Vaults:4 | Gained mutation: Your tail ends in a venomous barb. [potion
                  | of mutation]
 84734 | Vaults:4 | Gained mutation: You have supernaturally acute eyesight.
                  | (SInv) [potion of mutation]
 84735 | Vaults:4 | Lost mutation: Your tail ends in a venomous barb. [potion
                  | of mutation]
 84735 | Vaults:4 | Lost mutation: You have supernaturally acute eyesight.
                  | (SInv) [potion of mutation]
 84735 | Vaults:4 | Gained mutation: Your magical capacity is low. (-10% MP)
                  | [potion of mutation]
 84735 | Vaults:4 | Gained mutation: You occasionally lose the ability to drink
                  | potions when taking damage. [potion of mutation]
 84735 | Vaults:4 | Gained mutation: Your mind is acute. (Int +4, Str/Dex -1)
                  | [potion of mutation]
 84736 | Vaults:4 | Lost mutation: You have a pair of small horns on your head.
                  | [potion of mutation]
 84736 | Vaults:4 | Lost mutation: Your mind is acute. (Int +4, Str/Dex -1)
                  | [potion of mutation]
 84736 | Vaults:4 | Lost mutation: Your magical capacity is low. (-10% MP)
                  | [potion of mutation]
 84736 | Vaults:4 | Gained mutation: Your tail ends in a venomous barb. [potion
                  | of mutation]
 84737 | Vaults:4 | Lost mutation: You occasionally lose the ability to drink
                  | potions when taking damage. [potion of mutation]
 84737 | Vaults:4 | Lost mutation: Your tail ends in a venomous barb. [potion
                  | of mutation]
 84737 | Vaults:4 | Gained mutation: You are clumsy. (Dex -2) [potion of
                  | mutation]
 84737 | Vaults:4 | Gained mutation: Your flesh is heat resistant. (rF+)
                  | [potion of mutation]
 86036 | Vaults:4 | Reached XP level 23. HP: 164/209 MP: 14/48
 86255 | Vaults:4 | Learned a level 9 spell: Fire Storm
 86632 | Vaults:4 | Gained mutation: You are frail. (-10% HP) [mutagenic glow]
 86738 | Vaults:4 | Lost mutation: You are frail. (-10% HP) [potion of
                  | mutation]
 86738 | Vaults:4 | Lost mutation: You are clumsy. (Dex -2) [potion of
                  | mutation]
 86738 | Vaults:4 | Gained mutation: Your mind is acute. (Int +4, Str/Dex -1)
                  | [potion of mutation]
 87026 | Vaults:5 | Noticed an ancient lich
 87305 | Vaults:4 | Killed an ancient lich
 88317 | Vaults:5 | Reached skill level 22 in Spellcasting
 89593 | Vaults:5 | Got a silver rune of Zot
 89615 | Vaults:5 | Reached skill level 10 in Shields
 90071 | Vaults:5 | Identified the +5 spear "Raywirut" {protect, Fly Int+3
                  | Stlth+}
 90071 | Vaults:5 | Found the +6 lightning scales {swift, rElec}
 90136 | Vaults:5 | Got Xuuthued's Discursus on Blinking Interference
 91126 | D:15     | Entered Level 15 of the Dungeon
 91580 | D:15     | Found a runed translucent door.
 92486 | D:15     | Found a staircase to the Depths.
 92579 | Depths:1 | Entered Level 1 of the Depths
 92854 | Depths:1 | Reached skill level 15 in Fire Magic
 93243 | Depths:1 | Found a gateway to Hell.
 93307 | Depths:1 | Found Qid Bukh's Weapon Boutique.
 93307 | Depths:1 | Found Gufewe's Armour Shop.
 93308 | Depths:1 | Found Xut Iqif's Antique Weapon Shop.
 93312 | Depths:1 | Found Iruoxy's Magic Scroll Boutique.
 93318 | Depths:1 | Bought a scroll of amnesia for 76 gold pieces
 93318 | Depths:1 | Bought a scroll of blinking for 142 gold pieces
 93318 | Depths:1 | Bought a scroll of amnesia for 76 gold pieces
 93345 | Depths:1 | Found a broken altar of Ashenzari.
 93351 | Depths:1 | Found a runed translucent gate.
 93352 | Depths:1 | Found a runed translucent gate.
 93353 | Depths:1 | Found a runed translucent gate.
 93439 | Depths:1 | Found a one-way gateway to a ziggurat.
 93535 | Depths:1 | Noticed Tulador's ghost (adept HOFi)
 93609 | Depths:1 | HP: 9/209 [???[a Zot trap] (7)]
 93807 | Depths:1 | Killed Tulador's ghost
 94235 | Depths:1 | Identified the +1 hat of a sewer {Harm +Inv rElec rPois}
 95594 | Depths:2 | Reached skill level 23 in Spellcasting
 95906 | Depths:2 | Noticed a juggernaut
 95911 | Depths:2 | Killed a juggernaut
 95912 | Depths:2 | Reached XP level 24. HP: 185/218 MP: 26/50
 96497 | Depths:2 | Identified the ring "Luih" {Fire ^Contam rN+ Int+3 Dex+4}
 97761 | Depths:2 | Found a one-way gate leading to the halls of Pandemonium.
 97765 | Depths:2 | Found a one-way gate to the infinite horrors of the Abyss.
 97767 | Depths:2 | You are sucked into a shaft and drop 1 floor!
 97907 | Depths:3 | Found Vasujut's Weapon Emporium.
 97985 | Depths:3 | Noticed Vv
 98012 | Depths:3 | Killed Vv
 99698 | Depths:4 | Entered Level 4 of the Depths
100576 | Depths:4 | Identified the orb of Hubris {light, rC+ Str+3 Int+5 Fire}
100576 | Depths:4 | Noticed Frederick
100591 | Depths:4 | Killed Frederick
101237 | Depths:3 | Reached skill level 24 in Spellcasting
102624 | Depths:3 | Identified the +9 glaive "Arbiter" {antimagic, +Blink rF+}
102742 | Depths:3 | Noticed a juggernaut
102742 | Depths:3 | Noticed a juggernaut
102746 | Depths:3 | Killed a juggernaut
102746 | Depths:3 | Killed a juggernaut
102747 | Depths:3 | Reached XP level 25. HP: 228/228 MP: 30/51
102978 | Depths:3 | Noticed a juggernaut
102982 | Depths:3 | Killed a juggernaut
103386 | Depths:3 | Identified the orb of Logom {mayhem, rCorr}
103388 | Depths:3 | Identified the +6 plate armour of Gravity {Will+ MP+9}
103422 | Depths:3 | Identified the ring "Zuiteeca" {rF+ rCorr Str+3}
103816 | Depths:4 | Found a gate to the Realm of Zot.
104125 | Depths:4 | Found an iron altar of Okawaru.
104366 | Depths:4 | Found a glowing silver altar of Zin.
104430 | Hell     | Entered the Vestibule of Hell
104430 | Hell     | Noticed Geryon
105436 | Zot:1    | Entered Level 1 of the Realm of Zot
108162 | Zot:1    | Reached skill level 15 in Conjurations
108683 | Zot:2    | Noticed an ancient lich
108688 | Zot:2    | Killed an ancient lich
108961 | Zot:2    | Reached skill level 25 in Spellcasting
110004 | Zot:2    | Noticed an ancient lich
110016 | Zot:2    | Killed an ancient lich
112750 | Zot:3    | Reached XP level 26. HP: 212/239 MP: 9/52
113097 | Zot:2    | Gained mutation: Your health recovers twice as slowly from
                  | being drained. [mutagenic glow]
113241 | Zot:2    | Lost mutation: Your health recovers twice as slowly from
                  | being drained. [potion of mutation]
113241 | Zot:2    | Lost mutation: Your flesh is heat resistant. (rF+) [potion
                  | of mutation]
113241 | Zot:2    | Lost mutation: Your mind is acute. (Int +4, Str/Dex -1)
                  | [potion of mutation]
113241 | Zot:2    | Gained mutation: You are clumsy. (Dex -2) [potion of
                  | mutation]
113241 | Zot:2    | Gained mutation: You are robust. (+10% HP) [potion of
                  | mutation]
113578 | Zot:3    | Found a transporter.
113585 | Zot:3    | Noticed an orb of fire
113785 | Zot:3    | Noticed an ancient lich
113952 | Zot:3    | Found a shimmering blue altar of Sif Muna.
114796 | Zot:4    | Found the +4 dragonskin cloak {Aegis}
114796 | Zot:4    | Noticed Tiamat
115349 | Zot:3    | HP: 3/264 [electric golem/bolt of lightning (24)]
115368 | Zot:3    | HP: 13/264 [black draconian knight/bolt of lightning (28)]
116520 | Zot:4    | Killed Tiamat
117448 | Zot:4    | Reached skill level 26 in Spellcasting
118087 | Zot:4    | Noticed an ancient lich
118360 | Zot:4    | Killed an ancient lich
119356 | Zot:4    | Learned a level 4 spell: Olgreb's Toxic Radiance
119361 | Zot:4    | Learned a level 4 spell: Ignite Poison
120871 | Zot:4    | Found a runed translucent door.
120872 | Zot:4    | Noticed Cyqimiab's ghost (legendary MfGl)
121306 | Zot:5    | Entered Level 5 of the Realm of Zot
121594 | Zot:5    | Identified the +2 robe of Adeip {rC+ rN++ Int-4}
122762 | Zot:5    | Noticed an orb of fire
122763 | Zot:5    | Noticed a dread lich
122769 | Zot:5    | Noticed an orb of fire
122773 | Zot:5    | Noticed an orb of fire
122773 | Zot:5    | Gained mutation: You occasionally lose the ability to drink
                  | potions when taking damage. [an orb of fire]
123030 | Zot:5    | Gained mutation: Your body sometimes deteriorates upon
                  | taking damage. [an orb of fire]
123046 | Zot:4    | Gained mutation: You are vulnerable to heat. (rF-) [an orb
                  | of fire]
123060 | Zot:4    | Killed an orb of fire
123577 | Zot:4    | Lost mutation: You are vulnerable to heat. (rF-) [potion of
                  | mutation]
123577 | Zot:4    | Lost mutation: You occasionally lose the ability to drink
                  | potions when taking damage. [potion of mutation]
123577 | Zot:4    | Lost mutation: You are robust. (+10% HP) [potion of
                  | mutation]
123577 | Zot:4    | Gained mutation: You are strong-willed. (Will+) [potion of
                  | mutation]
123577 | Zot:4    | Gained mutation: Your flesh is cold resistant. (rC+)
                  | [potion of mutation]
123578 | Zot:4    | Lost mutation: You are strong-willed. (Will+) [potion of
                  | mutation]
123578 | Zot:4    | Lost mutation: Your body sometimes deteriorates upon taking
                  | damage. [potion of mutation]
123578 | Zot:4    | Gained mutation: Your spells are a little harder to cast,
                  | but a little more powerful. [potion of mutation]
123578 | Zot:4    | Gained mutation: You have sharp toenails. [potion of
                  | mutation]
123578 | Zot:4    | Lost mutation: You are clumsy. (Dex -2) [potion of
                  | mutation]
123606 | Zot:5    | Noticed an orb of fire
123781 | Zot:4    | Learned a level 7 spell: Orb of Destruction
123848 | Zot:5    | Gained mutation: You sometimes lose your temper in combat.
                  | [an orb of fire]
123852 | Zot:5    | Killed an orb of fire
124119 | Zot:5    | Killed an orb of fire
124122 | Zot:5    | Killed a dread lich
124543 | Zot:5    | Noticed an ancient lich
124546 | Zot:5    | Killed an ancient lich
124757 | Zot:5    | Reached XP level 27. HP: 249/250 MP: 35/53
124772 | Zot:5    | Noticed a dread lich
124775 | Zot:5    | Noticed an ancient lich
124795 | Zot:5    | HP: 12/250 [black draconian knight/shard of ice (22)]
125102 | Zot:5    | Gained mutation: You occasionally lose the ability to read
                  | scrolls when taking damage. [an orb of fire]
125105 | Zot:5    | Killed an orb of fire
125863 | Zot:5    | Killed an ancient lich
126008 | Zot:5    | Killed a dread lich
126708 | Zot:5    | Lost mutation: Your spells are a little harder to cast, but
                  | a little more powerful. [potion of mutation]
126708 | Zot:5    | Lost mutation: You have sharp toenails. [potion of
                  | mutation]
126708 | Zot:5    | Gained mutation: You have a somewhat thin skeletal
                  | structure. (Dex +2, Stealth+) [potion of mutation]
126708 | Zot:5    | Gained mutation: Your body sometimes deteriorates upon
                  | taking damage. [potion of mutation]
126709 | Zot:5    | Lost mutation: You sometimes lose your temper in combat.
                  | [potion of mutation]
126709 | Zot:5    | Lost mutation: You occasionally lose the ability to read
                  | scrolls when taking damage. [potion of mutation]
126709 | Zot:5    | Gained mutation: Your natural rate of healing is unusually
                  | fast. [potion of mutation]
126720 | Zot:5    | Learned a level 9 spell: Polar Vortex
127012 | Depths:4 | Reached skill level 27 in Spellcasting
127700 | Depths:4 | Gained mutation: You are dopey. (Int -2) [a cacodemon]
129525 | Hell     | Killed Geryon
129731 | D:12     | You paid a toll of the horn of Geryon to enter a treasure
                  | trove
129732 | Trove    | Entered a treasure trove
129748 | Trove    | Got the Annotations on Galvanic Reformation
129771 | Trove    | Got Sif Muna's Guide on United Kinetic Energy
129776 | Trove    | Got Sif Muna's Information on Ill-omened Incineration
129802 | Trove    | Got Sif Muna's Notes on Intense Interference
129842 | D:12     | Learned a level 6 spell: Bombard
129895 | Elf:1    | Entered Level 1 of the Elven Halls
129900 | Elf:1    | Reached skill level 15 in Shields
131594 | Elf:2    | Noticed Azrael
131599 | Elf:2    | Killed Azrael
132824 | Elf:2    | Found a runed translucent gate.
132824 | Elf:2    | Found a runed translucent gate.
132824 | Elf:2    | Found a runed translucent gate.
134017 | Elf:1    | Found a radiant altar of Vehumet.
134047 | Elf:3    | Entered Level 3 of the Elven Halls
135444 | Elf:3    | Identified the +9 mace of the Uplifting Hawk {pain,
                  | ^Fragile rC++ rN+ Str-5}
135460 | Elf:3    | Identified the +7 long sword of Xagim {freeze, rN+ Dex+4}
135462 | Elf:3    | Identified the +1 scale mail of the Sunfish {rPois Str+4}
135466 | Elf:3    | Identified the ring of Antafr Fefu {Wiz Int+5}
135820 | Elf:3    | Found Dedimm's Antique Weapon Shoppe.
135915 | Elf:3    | Identified the +1 plate armour "Fufyu" {rElec rPois Str+3}
136044 | Elf:3    | Identified the +2 trident "Bussexte" {drain, ^Drain rPois
                  | rCorr Int+2}
136346 | Elf:3    | Identified the +3 leather armour of Exclusion {rElec SInv}
136389 | Elf:3    | Identified the staff "Fuycat" {rF+ rC- Str+3 Dex+4 Fire}
137102 | Slime:1  | Entered Level 1 of the Pits of Slime
140951 | Slime:5  | Entered Level 5 of the Pits of Slime
141241 | Slime:5  | Noticed the Royal Jelly
141259 | Slime:5  | Killed the Royal Jelly
141802 | Slime:5  | Identified the +6 hand axe of Mana {flame, rElec rN++}
141938 | Slime:5  | Identified the amulet of Wiadyic {Harm rC+ rN+ Regen+
                  | Int-4}
141940 | Slime:5  | Identified the amulet "Honosin" {+Inv rF+ Regen+}
141955 | Slime:5  | Identified the +10 executioner's axe of Usuraph {freeze,
                  | Str+3 Int+3}
141957 | Slime:5  | Got a slimy rune of Zot
141969 | Slime:5  | Identified the staff of Litev {rN+ Dex-4 Conj Summ}
143283 | Zot:5    | Got the Orb of Zot
144043 | D:10     | Noticed Abrunedia the pandemonium lord
144124 | D:4      | Noticed Natasha
144266 | D:$      | Escaped with the Orb!

Illustrated notes

Levels and vault maps discovered:
D:1:      psy_arrival_terrarium, layout_basic
D:2:      layout_rooms, wad_floor_pattern_untrapped
D:3:      layout_loops_ring, lemuel_coloured_pillars_altar,
          mainiacjoe_overflow_boulevard, minmay_misc_feat_room
D:4:      layout_gridville, mainiacjoe_overflow_tiny_flanked,
          nicolae_tso_carved_into_rock, uniq_natasha
D:5:      nicolae_cairo_tiling_large, layout_cave_pods, uniq_eustachio
D:6:      layout_rooms, nicolae_sif_muna_little_library,
          minmay_temple_entry_glassed_door, uniq_grinder, uniq_prince_ribbit1
D:7:      layout_rooms, amcnicky_altar_gilded, enter_bailey_4, minivault_5,
          uniq_menkaure
D:8:      layout_gridville, uniq_maurice, uniq_pikel
D:9:      layout_rooms, slow_altar_2, due_lair_maze_entry_diamond,
          abandoned_shop, hive_lemuel
D:10:     layout_rooms, nicolae_yredelemnul_ghost_church,
          nicolae_overflow_two_pavilions, uniq_psyche
D:11:     layout_basic, kennysheep_another_room, uniq_josephine, uniq_harold
D:12:     minmay_four_partial_circles, layout_basic, enter_trove_1,
          nooodl_orcs_dogs
D:13:     minmay_tearing_corner, layout_stronghold
D:14:     layout_basic, erik_vaults_1, serial_co_window_serial,
          co_window_paths_b, co_window_corner_a, co_window_paths_b,
          co_window_paths_b, co_window_paths_b, co_window_corner_b,
          co_window_paths_c, co_window_broadway_a, co_window_unsneaky_path_e,
          co_window_unsneaky_path_d, co_window_paths_e, glass_columns_a,
          glass_columns_b, glass_columns_a, glass_columns_a, glass_columns_c,
          uniq_lodul
D:15:     grunt_enter_depths_magical_seal, layout_irregular_city, minivault_24,
          serial_glass, glass_columns_a, glass_columns_a, glass_columns_a,
          glass_columns_c, glass_columns_b, glass_columns_a, glass_columns_c,
          glass_columns_a, wad_hexagon
Lair:1:   layout_chaotic_city, worms_lemuel
Lair:2:   layout_chaotic_city, elwin_shoals_entry_rooms, uniq_maggie, uniq_sonja
Lair:3:   layout_cave_pods, minmay_snake_entry_spellcaster,
          gauntlet_entry_generic, st_stairs_7, grunt_megastairs_3
Lair:4:   nzn_winding_woodlands_three_and_one
          [nzn_winding_woodlands_5x15_zeroes, nzn_winding_woodlands_5x15_twine,
          nzn_winding_woodlands_5x15_river_crossing,
          nzn_winding_woodlands_center_pierced_h], layout_gridlike,
          slime_entry_1, grunt_forest_large_clearing_hut
Lair:5:   grunt_lair_end_beastmaster, layout_gridlike, st_stairs_4,
          grunt_megastairs_2
Shoals:1: layout_shoals, serial_shops, nicolae_diamond_shop
Shoals:2: layout_shoals, serial_shops, shop, nicolae_shop_mannequins, shop,
          nicolae_shop_peninsula, shop, nicolae_shoals_spring_well_temple
Shoals:3: layout_shoals, portal_ice_cave_entry_ice_statue_two
Shoals:4: shoals_end_simple, layout_shoals, serial_shops,
          nicolae_shop_temple_entry_statues_fountains, uniq_roxanne
Snake:1:  layout_chambers, serial_shops, shop, lemuel_fruit_tree, uniq_frances
Snake:2:  layout_misc_corridors
Snake:3:  cheibrodos_snake_lava_hold, layout_chambers
Snake:4:  snake_pit_salamanders_mu, layout_layer_cave, uniq_agnes
Slime:1:  cheibrodos_slime_lost_civilization_10, layout_caves
Slime:2:  nicolae_slime_spelunking
Slime:3:  cheibrodos_slime_lost_civilization_2, layout_caves
Slime:4:  nicolae_slime_infinislime, layout_caves, nicolae_slime_barrier
Slime:5:  slime_pit_nicolae_amoeboid
Orc:1:    layout_caves, serial_shops, nicolae_shop_hallway_plus,
          minmay_orc_temple_b, uniq_erolcha, uniq_snorg, uniq_jorgrun
Orc:2:    grunt_orc_community_town_hall, layout_caves,
          grunt_orc_community_big_house_1, grunt_orc_community_big_house_1,
          grunt_orc_community_house_1, grunt_orc_community_house_2,
          grunt_orc_community_house_3, grunt_orc_community_house_1,
          grunt_orc_community_house_3, serial_shops, shop_statue
Elf:1:    elf_arrival_001, layout_geoelf_diagonals, minmay_elf_crystal_heptagon,
          lemuel_upstairs_altar
Elf:2:    nicolae_elf_blades_splatter_lattice [nicolae_blade_bullseye],
          layout_rooms, grunt_ministairs_15, uniq_azrael
Elf:3:    minmay_elf_hall_statues, layout_loops_cross, serial_shops,
          nicolae_shop_tiny_glass
Vaults:1: lightli_orcish_oven, ontoclasm_vaults_bender,
          hangedman_vaults_corner_blocks, nicolae_vaults_little_squares_6,
          nicolae_vaults_more_shelving_1, v_pattern_1,
          nicolae_vaults_bisected_slash, nicolae_vaults_lightning_bolt,
          nicolae_vaults_heart-shaped_vault, nicolae_vaults_little_ls,
          nicolae_vaults_oozy_zoo, nicolae_vaults_network_barrier,
          nicolae_vaults_storage_closets_1, vaults_room_stairs_pillars,
          layout_vaults_maze, serial_shops, nicolae_shop_behind_doors
Vaults:2: ploomutoo_gammafunk_ghost_potion_laboratory, vaults_room_fancy_cross,
          hangedman_vaults_corner, nicolae_vaults_circle_grid_b,
          nicolae_vaults_whirlpool_walls, nicolae_vaults_swerve,
          nicolae_vaults_storage_closets_2, nicolae_vaults_bisected_exclaves,
          nicolae_vaults_stairing_the_circle, nicolae_vaults_weapon_check,
          nicolae_vaults_six-pack, nicolae_vaults_shelves_hall,
          layout_vaults_ring, serial_shops, shop
Vaults:3: vaults_dpeg_ring, emtedronai_trogs_sanctum, v_misc_8,
          nicolae_vaults_double_plus_2, minmay_crypt_entry_simple_statues,
          hangedman_vaults_nodes, vaults_mumra_hex,
          nicolae_vaults_storage_room_statues, vaults_room_corners,
          nicolae_vaults_stepped_doors, layout_vaults_omnibox, uniq_zenata
Vaults:4: nicolae_vaults_wine_cellar, v_misc_9, nicolae_vaults_spaceships,
          vaults_room_door_hall, v_rooms_1, hangedman_vaults_stagger,
          nicolae_vaults_house_1, layout_vaults_chaotic_city
Vaults:5: uniq_jory
Depths:1: layout_cave_pools, enter_ziggurat_f, hell_entry,
          cheibrodos_ashenzari_chains, gammafunk_ghost_tricky_traps,
          minmay_shoptagon, serial_bayou_shore_b, serial_bayou_shore_b
Depths:2: minmay_dotted_concentric_squares, layout_cave_shapes,
          nicolae_elevator_lobby_plus, abyss_entry, hell_entry,
          rand_demon_pan_entry_4, hangedman_abyss_or_decor_stabs,
          minmay_staircase_windowed_large
Depths:3: gammafunk_depths_water_palace, layout_honeycomb, hell_entry,
          serial_shops, nicolae_shop_bloodbath_and_beyond,
          minmay_room_of_horrors, kennysheep_flooded_box, serial_glass,
          glass_columns_c, glass_columns_a, glass_columns_a,
          amcnicky_mini_rare_corridor_liquid, uniq_josephina, uniq_vv
Depths:4: evilmike_zot_entry_argh, layout_cave_pools, zin_angel, abyss_entry,
          pf_hell_entry_great_geh, special_room [special_room_mythical_zoo],
          kennysheep_okawaru_gauntlet, uniq_frederick
Hell
Zot:1:    gammafunk_mikee_crab_dinner, layout_gridlike
Zot:2:    hangedman_zot_vaults_quadrants, layout_concentric_octagons,
          regret_index_zotdec_stipple_waver
Zot:3:    gammafunk_sealed_library, layout_misc_corridors, grunt_megastairs_1
Zot:4:    ebering_klown_carousel, layout_gridlike,
          ebering_ghost_reflecting_pool, lemuel_elevator, uniq_tiamat
Zot:5:    layout_basic

Skill      XL: |  1  2  3  4  5  6  7  8  9 10 11 12 13 14 15 16 17 18 19 20 21 22 23 24 25 26 27 |
---------------+----------------------------------------------------------------------------------+-----
Stealth        | 2 3 4 5 6 7 |  7.5
Dodging        | 2 3 5 7 8 9 10 11 12 13 14 | 14.6
Short Blades   | 1 2 |  2.4
Fire Magic     | 4 5 7 8 9 10 12 13 15 16 17 18 19 | 19.1
Spellcasting   | 3 5 7 9 10 13 15 17 18 19 21 23 24 25 26 27 | 27.0
Conjurations   | 2 3 4 5 7 8 9 10 11 13 14 15 16 17 | 17.0
Shields        | 1 2 3 5 6 7 8 9 10 11 13 14 17 | 17.5
Hexes          | 2 3 4 5 6 |  6.6
Fighting       | 1 5 8 10 12 13 14 15 16 17 18 19 20 21 22 | 22.4
Evocations     | 1 2 5 8 9 10 11 12 | 12.8
Ice Magic      | 1 4 5 7 8 10 12 | 12.8
Translocations | 1 2 3 4 |  4.1
Ranged Weapons | 5 |  5.0
Staves         | 2 3 4 |  4.5
Alchemy        | 1 2 3 |  3.0
Air Magic      | 1 4 5 6 |  6.0
Summonings     | 1 3 5 8 9 10 | 10.0
Throwing       | |  0.1

Action                     |  1- 3 |  4- 6 |  7- 9 | 10-12 | 13-15 | 16-18 | 19-21 | 22-24 | 25-27 || total
---------------------------+-------+-------+-------+-------+-------+-------+-------+-------+-------++-------
  Melee: Dagger            |    25 |    37 |    58 |     5 |       |       |       |       |       ||   125
         Unarmed           |     1 |       |       |       |       |       |       |       |       ||     1
         Short sword       |    40 |       |       |       |       |       |       |       |       ||    40
         Tailslap          |     3 |     2 |     5 |     3 |     1 |       |     2 |     6 |     6 ||    28
         Staff             |       |       |       |    17 |     6 |       |     3 |    32 |    21 ||    79
   Fire: Sling             |       |       |       |       |   175 |    88 |    22 |       |    41 ||   326
  Throw: Throwing net      |       |       |       |     1 |       |       |       |     6 |       ||     7
         Javelin           |       |       |       |       |       |       |       |       |     3 ||     3
   Cast: Foxfire           |    55 |    62 |    93 |   111 |   172 |     6 |     2 |       |     3 ||   504
         Scorch            |     2 |    50 |    67 |   329 |   589 |   153 |   118 |    14 |     6 ||  1328
         Inner Flame       |       |     1 |    11 |    37 |    46 |     7 |       |     4 |       ||   106
         Volatile Blastmot |       |       |     4 |     6 |     3 |       |       |       |       ||    13
         Freeze            |       |       |     2 |     2 |    14 |    21 |       |     6 |    19 ||    64
         Flame Wave        |       |       |       |     7 |    65 |       |       |       |       ||    72
         Frozen Ramparts   |       |       |       |     5 |    31 |    19 |     2 |     1 |     5 ||    63
         Ozocubu's Armour  |       |       |       |     2 |    12 |    11 |     1 |     3 |     7 ||    36
         Iskenderun's Myst |       |       |       |     2 |     5 |       |     2 |     3 |    16 ||    28
         Metabolic Englaci |       |       |       |       |     6 |     1 |     1 |       |       ||     8
         Starburst         |       |       |       |       |    14 |    53 |       |       |       ||    67
         Irradiate         |       |       |       |       |     4 |    39 |    26 |    57 |    44 ||   170
         Freezing Cloud    |       |       |       |       |       |   151 |    31 |    29 |    55 ||   266
         Fireball          |       |       |       |       |       |    28 |    17 |    11 |    14 ||    70
         Plasma Beam       |       |       |       |       |       |     7 |   252 |   395 |   750 ||  1404
         Spellforged Servi |       |       |       |       |       |       |    66 |   123 |   167 ||   356
         Apportation       |       |       |       |       |       |       |     6 |       |       ||     6
         Orb of Destructio |       |       |       |       |       |       |     5 |       |    28 ||    33
         Fire Storm        |       |       |       |       |       |       |       |    10 |    30 ||    40
         Bombard           |       |       |       |       |       |       |       |       |    22 ||    22
         Ignite Poison     |       |       |       |       |       |       |       |       |     1 ||     1
         Olgreb's Toxic Ra |       |       |       |       |       |       |       |       |     1 ||     1
Ability: Nullifying Breath |       |       |     6 |    10 |    10 |     6 |     5 |     5 |     9 ||    51
  Evoke: Wand              |       |       |     3 |     3 |    16 |    14 |    22 |    14 |    45 ||   117
         Condenser vane    |       |       |       |       |     2 |       |       |     1 |       ||     3
         Gell's gravitambo |       |       |       |       |     3 |     1 |       |     2 |     4 ||    10
         Phantom mirror    |       |       |       |       |     1 |       |       |     2 |     2 ||     5
         Lightning rod     |       |       |       |       |       |       |       |       |     4 ||     4
    Use: Scroll            |     2 |     6 |     7 |    13 |    12 |     9 |     5 |     6 |    21 ||    81
         Potion            |       |     1 |     1 |     3 |     5 |     1 |     3 |    22 |    32 ||    68
   Stab: Sleeping          |     1 |       |       |       |     1 |       |       |       |       ||     2
         Distracted        |       |       |       |       |       |       |       |     3 |       ||     3
 Armour: Skin              |    49 |    46 |    39 |   197 |   377 |   228 |   147 |   385 |   665 ||  2133
  Dodge: Dodged            |    36 |    31 |    36 |    95 |   216 |   118 |   111 |   247 |   543 ||  1433
  Block: Buckler           |       |     1 |    12 |   118 |   300 |   182 |   165 |   251 |   463 ||  1492
         Reflection        |       |       |     3 |     4 |    26 |    50 |    28 |    45 |    42 ||   198

Table legend: (Time is in decaauts)
 A = Elapsed time spent in this place.
 B = Non-inter-level travel time spent in this place.
 C = Inter-level travel time spent in this place.
 D = Time resting spent in this place.
 E = Time spent auto-exploring this place.
 F = Levels seen in this place.
 G = Mean time per level.
                   A        B        C        D        E       F      G
               +--------+--------+--------+--------+--------+-----+--------+
         Total | 144507 | 136030 |   8477 |  86701 |  33202 |  57 | 2535.2 |
       Dungeon |  26200 |  24408 |   1792 |  13535 |   8302 |  15 | 1746.7 |
          Lair |  16648 |  15723 |    925 |  10733 |   3532 |   5 | 3329.6 |
        Shoals |   8353 |   8056 |    297 |   4439 |   2585 |   4 | 2088.2 |
     Snake Pit |  14068 |  13544 |    524 |   8896 |   3323 |   4 | 3517.0 |
    Slime Pits |   5665 |   5332 |    333 |   2395 |   2387 |   5 | 1133.0 |
  Orcish Mines |   5503 |   5098 |    405 |   3152 |   1155 |   2 | 2751.5 |
   Elven Halls |   7054 |   6849 |    205 |   3900 |   2208 |   3 | 2351.3 |
        Vaults |  19657 |  18018 |   1639 |  11564 |   4211 |   5 | 3931.4 |
        Depths |  15503 |  14700 |    803 |  10836 |   2152 |   4 | 3875.8 |
          Hell |     96 |     90 |      6 |      0 |      0 |   1 |   96.0 |
           Zot |  21994 |  20451 |   1543 |  15054 |   3050 |   5 | 4398.8 |
         Trove |    101 |    101 |      0 |      0 |      0 |   1 |  101.0 |
        Bailey |   1513 |   1513 |      0 |    986 |     14 |   1 | 1513.0 |
      Ice Cave |   1281 |   1281 |      0 |    849 |     86 |   1 | 1281.0 |
      Gauntlet |    863 |    863 |      0 |    360 |    196 |   1 |  863.0 |
               +--------+--------+--------+--------+--------+-----+--------+

Top non-repeatable levels by time:
Vaults:4: 7040 daAuts
   Zot:4: 5842 daAuts
Depths:4: 5583 daAuts
   Zot:3: 5151 daAuts
 Snake:3: 4240 daAuts
Vaults:1: 4227 daAuts
 Snake:4: 4198 daAuts
  Lair:5: 4171 daAuts
Depths:3: 4163 daAuts
   Zot:5: 4068 daAuts
   Zot:2: 3771 daAuts
Vaults:2: 3655 daAuts
Depths:1: 3556 daAuts
  Lair:2: 3542 daAuts
    D:12: 3431 daAuts
